[Event "42nd Olympiad Baku 2016 Open"]
[Site "Baku"]
[Date "2016.09.04"]
[Round "3.13"]
[White "Arenas, David"]
[Black "Pace, Colin"]
[Result "1-0"]
[ECO "B38"]
[WhiteElo "2490"]
[BlackElo "2172"]
[Annotator ""]
[PlyCount "71"]
[EventDate "2016.??.??"]
[EventCountry "AZE"]
[SourceTitle "playchess.com"]
[Source "ChessBase"]
[WhiteTeam "Colombia"]
[BlackTeam "Malta"]
[WhiteTeamCountry "COL"]
[BlackTeamCountry "MLT"]
[TimeControl "40/5400+30:1800+30"]

1. e4 {(00:00)} c5 {(00:00)} 2. Nf3 {(00:00)} Nc6 {
(00:00)} 3. d4 {(00:00)} cxd4 {(00:00)} 4. Nxd4 {(
00:07)} g6 {(00:18)} 5. c4 {(00:10)} Bg7 {(00:15)} 6. Be3
{(00:05)} d6 {(01:18)} 7. Nc3 {(00:26)} Nh6 {(07:
14)} 8. f3 {(04:48)} f5 {(10:29)} 9. Qd2 {(05:41)} Nxd4 {
(02:50)} 10. Bxd4 {(00:08)} O-O {(03:45)} 11. Bxg7 {
(07:02)} Kxg7 {(00:42)} 12. Bd3 {(00:06)} Qa5 {(15:
41)} 13. Nd5 {(23:10)} Qxd2+ {(08:32)} 14. Kxd2 {(00:06)}
Rf7 {(07:44)} 15. Rhe1 {(00:39)} e6 {(01:11)} 16. Nc3 {
(00:18)} Bd7 {(01:06)} 17. Rad1 {(01:52)} Rd8 {(03:
39)} 18. Kc2 {(01:31)} Rff8 {(06:12)} 19. b4 {(08:09)} a6
{(01:40)} 20. a4 {(02:48)} Nf7 {(01:24)} 21. exf5 {
(01:13)} gxf5 {(00:41)} 22. a5 {(00:17)} Rc8 {(03:
33)} 23. Kb3 {(01:07)} Rc7 {(01:25)} 24. f4 {(02:40)} Kf6
{(00:59)} 25. Re3 {(06:41)} Rg8 {(02:36)} 26. g3 {(
00:30)} Rgc8 {(00:31)} 27. Be2 {(01:40)} Bc6 {(06:15)} 28.
g4 {(09:23)} fxg4 {(10:07)} 29. Bxg4 {(00:06)} Re8 {
(02:08)} 30. Bh5 {(02:47)} Rd8 {(01:33)} 31. Rde1 {
(04:19)} Re7 {(00:52)} 32. b5 {(00:57)} axb5 {(00:
10)} 33. cxb5 {(00:01)} Bg2 {(00:49)} 34. Rg3 {(00:07)}
Bd5+ {(00:39)} 35. Nxd5+ {(00:08)} exd5 {(00:28)} 36. Rxe7
{(00:05)} 1-0

[Event "42nd Olympiad Baku 2016 Open"]
[Site "Baku"]
[Date "2016.09.04"]
[Round "3.30"]
[White "Arias, Daniel"]
[Black "Tologontegin, Semetey"]
[Result "0-1"]
[ECO "B90"]
[WhiteElo "2285"]
[BlackElo "2350"]
[Annotator ""]
[PlyCount "78"]
[EventDate "2016.??.??"]
[EventCountry "AZE"]
[SourceTitle "playchess.com"]
[Source "ChessBase"]
[WhiteTeam "El Salvador"]
[BlackTeam "Kyrgyzstan"]
[WhiteTeamCountry "ESA"]
[BlackTeamCountry "KGZ"]
[TimeControl "40/5400+30:1800+30"]

1. e4 {(00:07)} c5 {(00:00)} 2. Nf3 {(00:05)} d6 {(
00:00)} 3. d4 {(00:09)} cxd4 {(00:00)} 4. Nxd4 {(00:19)}
Nf6 {(00:11)} 5. Nc3 {(00:06)} a6 {(00:03)} 6. h3 {
(01:14)} e5 {(00:10)} 7. Nde2 {(01:12)} b5 {(05:34]
} 8. g4 {(01:03)} Bb7 {(00:07)} 9. Bg2 {(00:05)} Be7 {
(03:28)} 10. a3 {(08:21)} h5 {(08:24)} 11. g5 {(03:
45)} Nfd7 {(00:07)} 12. h4 {(00:45)} Nb6 {(13:51)} 13. f4
{(13:39)} g6 {(02:03)} 14. O-O {(03:21)} exf4 {(01:
36)} 15. Qd4 {(01:00)} O-O {(00:14)} 16. Nxf4 {(01:27)}
Nc6 {(00:14)} 17. Qd1 {(00:34)} Ne5 {(01:05)} 18. Nfd5 {
(04:18)} Nxd5 {(00:17)} 19. Nxd5 {(00:05)} Bxd5 {(
00:22)} 20. Qxd5 {(00:31)} Rc8 {(15:31)} 21. c3 {(02:08)}
Qd7 {(00:19)} 22. Qd1 {(07:06)} Rc4 {(30:57)} 23. Bf4 {
(01:59)} Qe6 {(00:56)} 24. Qe2 {(03:36)} f6 {(00:
28)} 25. Rad1 {(07:37)} fxg5 {(02:33)} 26. Bxg5 {(03:01)}
Bxg5 {(00:37)} 27. Rxf8+ {(01:03)} Kxf8 {(00:03)} 28. hxg5
{(00:05)} Ng4 {(06:58)} 29. Bf3 {(02:37)} Rc5 {(01:
02)} 30. Qd2 {(01:24)} Ke7 {(01:03)} 31. Qf4 {(03:30)} Qe5
{(00:55)} 32. Qd2 {(01:06)} Qg3+ {(00:31)} 33. Bg2 {
(01:57)} Rc8 {(04:22)} 34. Qd3 {(06:59)} Qh2+ {(00:
30)} 35. Kf1 {(00:04)} Rf8+ {(00:11)} 36. Ke1 {(00:09)}
Qg1+ {(01:20)} 37. Kd2 {(00:13)} Qxd1+ {(00:15)} 38. Kxd1
{(00:19)} Nf2+ {(00:02)} 39. Ke2 {(00:13)} Nxd3 {(
00:05)} 0-1

[Event "42nd Olympiad Baku 2016 Open"]
[Site "Baku"]
[Date "2016.09.04"]
[Round "3.25"]
[White "Asadli, Vugar"]
[Black "Eid, Fadi"]
[Result "1-0"]
[ECO "A05"]
[WhiteElo "2406"]
[BlackElo "2354"]
[Annotator ""]
[PlyCount "65"]
[EventDate "2016.??.??"]
[EventCountry "AZE"]
[SourceTitle "playchess.com"]
[Source "ChessBase"]
[WhiteTeam "Azerbaijan"]
[BlackTeam "Lebanon"]
[WhiteTeamCountry "AZE"]
[BlackTeamCountry "LBN"]
[TimeControl "40/5400+30:1800+30"]

1. Nf3 {(00:00)} Nf6 {(00:18)} 2. g3 {(00:00)} g6 {
(00:30)} 3. b3 {(00:00)} b6 {(00:46)} 4. Bg2 {(00:
16)} Bb7 {(00:01)} 5. Bb2 {(00:17)} Bg7 {(00:01)} 6. O-O {
(00:39)} O-O {(00:02)} 7. c4 {(00:37)} c5 {(00:11)}
8. d4 {(02:19)} cxd4 {(00:15)} 9. Qxd4 {(00:43)} Qc8 {
(19:31)} 10. Nc3 {(05:06)} Re8 {(15:33)} 11. Nd5 {(
13:00)} Nc6 {(16:52)} 12. Qh4 {(02:32)} h6 {(07:51)} 13.
e4 {(19:23)} Nh7 {(05:37)} 14. Bxg7 {(05:43)} Kxg7 {
(00:12)} 15. e5 {(00:06)} Qd8 {(05:11)} 16. Qf4 {(
06:31)} e6 {(06:08)} 17. Nc3 {(00:14)} g5 {(02:02)} 18.
Qe3 {(03:59)} Ne7 {(01:19)} 19. Nd4 {(05:44)} Bxg2 {
(01:18)} 20. Kxg2 {(00:01)} d5 {(02:10)} 21. Rad1 {
(01:05)} Qd7 {(03:32)} 22. Qf3 {(06:43)} Rad8 {(03:
25)} 23. cxd5 {(00:19)} exd5 {(00:45)} 24. Rfe1 {(01:14)}
g4 {(00:20)} 25. Qf4 {(05:23)} Ng6 {(04:19)} 26. Nf5+ {
(01:08)} Kh8 {(00:10)} 27. Qxg4 {(00:07)} d4 {(00:
06)} 28. Rxd4 {(00:24)} Qc6+ {(00:14)} 29. Qf3 {(00:19)}
Qxf3+ {(00:12)} 30. Kxf3 {(00:06)} Rxd4 {(00:37)} 31. Nxd4
{(00:22)} Nxe5+ {(01:00)} 32. Kg2 {(00:07)} Kg7 {(
01:13)} 33. Nd5 {(02:17)} 1-0

[Event "42nd Olympiad Baku 2016 Open"]
[Site "Baku"]
[Date "2016.09.04"]
[Round "3.33"]
[White "Atabayev, Maksat"]
[Black "Kojima, Shinya"]
[Result "1/2-1/2"]
[ECO "B19"]
[WhiteElo "2485"]
[BlackElo "2398"]
[Annotator ""]
[PlyCount "60"]
[EventDate "2016.??.??"]
[EventCountry "AZE"]
[SourceTitle "playchess.com"]
[Source "ChessBase"]
[WhiteTeam "Turkmenistan"]
[BlackTeam "Japan"]
[WhiteTeamCountry "TKM"]
[BlackTeamCountry "JPN"]
[TimeControl "40/5400+30:1800+30"]

1. e4 {(00:06)} c6 {(00:00)} 2. d4 {(00:16)} d5 {(
00:00)} 3. Nc3 {(00:04)} dxe4 {(00:00)} 4. Nxe4 {(00:02)}
Bf5 {(00:00)} 5. Ng3 {(00:04)} Bg6 {(00:06)} 6. h4 {
(00:22)} h6 {(00:08)} 7. Nf3 {(00:03)} Nd7 {(00:06]
} 8. h5 {(00:03)} Bh7 {(00:06)} 9. Bd3 {(00:04)} Bxd3 {
(00:08)} 10. Qxd3 {(00:03)} e6 {(00:08)} 11. Bd2 {(
00:04)} Ngf6 {(00:07)} 12. O-O-O {(00:04)} Be7 {(00:06)}
13. Ne4 {(01:19)} Nxe4 {(00:26)} 14. Qxe4 {(00:07)} Nf6 {
(00:04)} 15. Qe2 {(00:52)} Qd5 {(00:35)} 16. Kb1 {(
06:24)} Qe4 {(03:00)} 17. Be3 {(02:46)} Ng4 {(08:00)} 18.
Nd2 {(03:56)} Qf5 {(07:19)} 19. f3 {(00:15)} Nxe3 {
(03:10)} 20. Qxe3 {(00:02)} O-O-O {(08:37)} 21. Nc4 {
(00:27)} Bd6 {(09:07)} 22. Nxd6+ {(04:55)} Rxd6 {(
00:06)} 23. Qa3 {(00:03)} Rhd8 {(02:17)} 24. Qxa7 {(02:00]
} e5 {(03:43)} 25. Rhe1 {(20:35)} Rxd4 {(02:22)} 26. Qa8+
{(02:11)} Kc7 {(00:07)} 27. Qa5+ {(00:06)} Kc8 {(
00:25)} 28. Qa8+ {(17:45)} Kc7 {(00:06)} 29. Qa5+ {(00:03]
} Kc8 {(00:05)} 30. Qa8+ {(00:06)} Kc7 1/2-1/2

[Event "42nd Olympiad Baku 2016 Open"]
[Site "Baku"]
[Date "2016.09.04"]
[Round "3.35"]
[White "Atabayev, Saparmyrat"]
[Black "Averbukh, Alex"]
[Result "0-1"]
[ECO "A06"]
[WhiteElo "2406"]
[BlackElo "2223"]
[Annotator ""]
[PlyCount "118"]
[EventDate "2016.??.??"]
[EventCountry "AZE"]
[SourceTitle "playchess.com"]
[Source "ChessBase"]
[WhiteTeam "Turkmenistan"]
[BlackTeam "Japan"]
[WhiteTeamCountry "TKM"]
[BlackTeamCountry "JPN"]
[TimeControl "40/5400+30:1800+30"]

1. Nf3 {(00:00)} d5 {(00:00)} 2. g3 {(00:00)} Nf6 {
(00:00)} 3. Bg2 {(00:00)} Nc6 {(00:19)} 4. d4 {(01:
17)} Bf5 {(00:42)} 5. Bf4 {(01:36)} e6 {(00:37)} 6. O-O {
(00:42)} Bd6 {(00:25)} 7. Bxd6 {(02:09)} cxd6 {(00:
52)} 8. Nbd2 {(00:30)} Ne4 {(04:38)} 9. Nh4 {(03:42)} Nxd2
{(01:45)} 10. Qxd2 {(00:10)} Be4 {(02:31)} 11. Bxe4 {
(01:58)} dxe4 {(00:03)} 12. d5 {(00:19)} Qa5 {(02:
56)} 13. Rad1 {(04:12)} Qxd5 {(21:32)} 14. Qxd5 {(00:29)}
exd5 {(00:06)} 15. Rxd5 {(01:31)} g6 {(04:26)} 16. Rxd6 {
(00:40)} Ke7 {(00:19)} 17. Rfd1 {(00:25)} Rhd8 {(
00:12)} 18. Rxd8 {(00:05)} Nxd8 {(00:24)} 19. f3 {(04:05)}
Rc8 {(00:45)} 20. c3 {(00:11)} Ne6 {(01:26)} 21. Kf2 {
(01:12)} Rc5 {(03:47)} 22. fxe4 {(01:52)} Re5 {(02:
18)} 23. Nf3 {(04:34)} Rxe4 {(00:55)} 24. b3 {(01:54)} h6
{(02:46)} 25. Rd5 {(03:20)} Nc7 {(07:50)} 26. Re5+ {
(01:01)} Rxe5 {(00:03)} 27. Nxe5 {(00:03)} Nd5 {(
00:36)} 28. c4 {(00:29)} Nc3 {(00:55)} 29. a3 {(04:04)}
Nb1 {(13:21)} 30. Ke3 {(03:13)} Nxa3 {(00:37)} 31. Kd3 {
(04:39)} b5 {(03:50)} 32. c5 {(09:04)} Ke6 {(07:22]
} 33. c6 {(01:58)} Kd6 {(00:05)} 34. Nxf7+ {(12:06)} Kxc6
{(03:10)} 35. Nxh6 {(00:45)} Kc5 {(00:10)} 36. e4 {
(02:09)} a5 {(00:58)} 37. Kc3 {(07:21)} b4+ {(00:
39)} 38. Kd3 {(02:21)} Nb5 {(00:46)} 39. Nf5 {(14:42)}
gxf5 {(05:22)} 40. exf5 {(00:00)} Kd5 {(00:00)} 41. Ke3 {
(19:06)} Ke5 {(08:16)} 42. g4 {(00:29)} Nd6 {(05:
37)} 43. h4 {(02:16)} Ne4 {(01:03)} 44. Kd3 {(03:24)} Nf2+
{(03:31)} 45. Kc4 {(00:12)} Nxg4 {(00:23)} 46. Kb5 {
(00:05)} Ne3 {(00:10)} 47. Kxa5 {(00:28)} Nc2 {(00:
06)} 48. Kb5 {(00:39)} Kxf5 {(00:14)} 49. Kc4 {(00:41)}
Kg4 {(00:05)} 50. Kd3 {(00:13)} Na3 {(00:06)} 51. Ke4 {
(00:21)} Kxh4 {(00:07)} 52. Kf4 {(00:01)} Kh5 {(00:
13)} 53. Kf5 {(00:02)} Kh6 {(00:08)} 54. Kf6 {(00:10)} Kh7
{(00:07)} 55. Kf7 {(00:11)} Nc2 {(00:22)} 56. Ke6 {
(00:02)} Kg6 {(00:21)} 57. Ke5 {(00:10)} Kg5 {(00:
38)} 58. Ke4 {(00:15)} Kf6 {(00:32)} 59. Kd3 {(00:03)} Na3
{(00:09)} 0-1

[Event "42nd Olympiad Baku 2016 Open"]
[Site "Baku"]
[Date "2016.09.04"]
[Round "3.9"]
[White "Ayyad, Husain"]
[Black "Blijstra, Wim"]
[Result "1-0"]
[ECO "B53"]
[WhiteElo "2176"]
[BlackElo "2216"]
[Annotator ""]
[PlyCount "108"]
[EventDate "2016.??.??"]
[EventCountry "AZE"]
[SourceTitle "playchess.com"]
[Source "ChessBase"]
[WhiteTeam "Brunei"]
[BlackTeam "Netherlands Antilles"]
[WhiteTeamCountry "BRN"]
[BlackTeamCountry "AHO"]
[TimeControl "40/5400+30:1800+30"]

1. e4 {(00:00)} c5 {(00:00)} 2. Nf3 {(00:00)} d6 {(
00:00)} 3. d4 {(00:00)} cxd4 {(00:05)} 4. Qxd4 {(00:04)}
Nc6 {(01:32)} 5. Bb5 {(00:16)} Bd7 {(01:53)} 6. Bxc6 {
(00:27)} Bxc6 {(00:03)} 7. Nc3 {(00:10)} Nf6 {(04:
29)} 8. Bg5 {(00:06)} e6 {(00:07)} 9. O-O-O {(02:39)} Be7
{(00:08)} 10. Qd3 {(01:52)} O-O {(06:04)} 11. Nd4 {
(01:32)} Rc8 {(01:16)} 12. Kb1 {(05:04)} Nxe4 {(03:
08)} 13. Nxe4 {(08:07)} Bxe4 {(01:38)} 14. Bxe7 {(00:29)}
Bxd3 {(01:46)} 15. Bxd8 {(00:10)} Bxc2+ {(00:08)} 16. Nxc2
{(00:06)} Rfxd8 {(00:02)} 17. Nd4 {(03:14)} Rc5 {(
03:15)} 18. Rc1 {(18:18)} Rd5 {(00:19)} 19. Nb3 {(01:01)}
a5 {(02:53)} 20. Rhd1 {(01:00)} Rxd1 {(00:22)} 21. Rxd1 {
(00:02)} b6 {(00:21)} 22. Rc1 {(02:39)} Rb8 {(08:
25)} 23. Rc7 {(07:09)} e5 {(01:26)} 24. Kc2 {(00:14)} a4 {
(00:34)} 25. Nd2 {(00:26)} b5 {(00:14)} 26. Rd7 {(
01:15)} Kf8 {(00:13)} 27. Rxd6 {(00:19)} Ke7 {(00:02)} 28.
Ra6 {(00:25)} f5 {(00:11)} 29. Nf3 {(02:03)} Rc8+ {
(00:05)} 30. Kd2 {(00:09)} Rc5 {(00:05)} 31. Rb6 {(
01:05)} Rd5+ {(06:00)} 32. Ke3 {(05:12)} Rc5 {(00:32)} 33.
Ne1 {(14:54)} a3 {(04:05)} 34. bxa3 {(03:33)} Rc3+ {
(00:17)} 35. Ke2 {(00:01)} Rxa3 {(00:17)} 36. Rxb5 {
(00:02)} Rxa2+ {(00:18)} 37. Kf1 {(01:11)} Kf6 {(
01:16)} 38. Rb6+ {(01:23)} Ke7 {(03:12)} 39. g3 {(00:09)}
Ra1 {(01:12)} 40. Rc6 {(00:00)} Ra2 {(00:00)} 41. Rc2 {
(00:22)} Ra6 {(07:44)} 42. Ke2 {(00:07)} Kf6 {(00:
22)} 43. Nd3 {(00:17)} Rb6 {(10:20)} 44. Nc5 {(10:25)} Ke7
{(13:27)} 45. Kd3 {(01:26)} Rd6+ {(01:40)} 46. Ke3 {
(00:39)} g5 {(00:15)} 47. g4 {(11:34)} fxg4 {(02:
28)} 48. Ne4 {(00:15)} Rh6 {(00:02)} 49. Rc7+ {(00:58)}
Kd8 {(00:11)} 50. Rg7 {(00:18)} Rxh2 {(00:38)} 51. Rxg5 {
(00:16)} Rh3+ {(00:12)} 52. Ng3 {(00:10)} h5 {(00:
06)} 53. Rxh5 {(00:22)} Rh2 54. Rg5 Rh3 1-0

[Event "42nd Olympiad Baku 2016 Open"]
[Site "Baku"]
[Date "2016.09.04"]
[Round "3.26"]
[White "Babarykin, Stanislav"]
[Black "Phiri, Richmond"]
[Result "1-0"]
[ECO "B27"]
[WhiteElo "2339"]
[BlackElo "2342"]
[Annotator ""]
[PlyCount "139"]
[EventDate "2016.??.??"]
[EventCountry "AZE"]
[SourceTitle "playchess.com"]
[Source "ChessBase"]
[WhiteTeam "IBCA"]
[BlackTeam "ZAM"]
[WhiteTeamCountry "RUS"]
[BlackTeamCountry "ZAM"]
[TimeControl "40/5400+30:1800+30"]

1. e4 {(00:00)} c5 {(00:21)} 2. Nf3 {(04:21)} g6 {(
00:18)} 3. d4 {(00:58)} cxd4 {(00:14)} 4. Qxd4 {(00:54)}
Nf6 {(00:22)} 5. e5 {(15:53)} Nc6 {(00:13)} 6. Qa4 {
(18:33)} Nd5 {(00:24)} 7. Bd2 {(03:25)} Bg7 {(04:
54)} 8. Nc3 {(03:41)} Nc7 {(00:45)} 9. O-O-O {(07:17)} O-O
{(13:37)} 10. Bf4 {(05:57)} a6 {(11:50)} 11. h4 {(
00:22)} b5 {(00:28)} 12. Qe4 {(00:59)} b4 {(08:57)} 13.
Nd5 {(00:20)} Nxd5 {(02:25)} 14. Qxd5 {(13:08)} b3 {
(27:16)} 15. cxb3 {(02:12)} Qb6 {(09:00)} 16. Be3 {
(00:52)} Qc7 {(00:55)} 17. Qc5 {(07:53)} Bb7 {(02:
51)} 18. Bc4 {(01:54)} Rac8 {(08:21)} 19. Rhe1 {(03:33)}
Nxe5 {(04:24)} 20. Qxc7 {(01:59)} Rxc7 {(00:05)} 21. Nxe5
{(01:02)} Bxe5 {(00:03)} 22. Bh6 Bg7 {(01:26)} 23. Bxg7 {
(01:12)} Kxg7 {(00:02)} 24. Rxe7 {(02:57)} Bc6 {(
00:21)} 25. g3 {(00:37)} Kf6 {(01:08)} 26. Re3 d5 {(01:19]
} 27. Be2 {(01:12)} Bb5+ {(00:15)} 28. Kd2 {(00:51)} Bxe2
{(00:05)} 29. Kxe2 {(00:22)} Rc2+ {(00:18)} 30. Rd2 {
(00:08)} Rfc8 {(00:18)} 31. Rf3+ {(00:33)} Ke6 {(
00:10)} 32. Rfd3 {(00:28)} Rxd2+ {(00:06)} 33. Kxd2 h5 {(
00:56)} 34. Rc3 {(00:53)} Ra8 {(00:15)} 35. Kd3 {(00:48)}
Kd6 {(00:24)} 36. b4 {(00:40)} Rb8 {(00:10)} 37. Ra3 {
(01:05)} Rb6 {(01:17)} 38. Ra5 {(00:11)} Ke5 {(01:
11)} 39. a3 {(00:18)} f6 {(00:59)} 40. Ke3 {(00:00)} Re6 {
(00:00)} 41. f4+ {(10:56)} Kf5+ {(03:22)} 42. Kf3 {
(00:45)} Rd6 {(00:18)} 43. b5 {(00:04)} axb5 {(00:
14)} 44. Rxb5 {(03:03)} g5 {(01:07)} 45. hxg5 {(00:09)}
fxg5 {(00:07)} 46. fxg5 {(03:07)} Ke5 {(00:38)} 47. a4 {
(01:29)} Rg6 {(00:25)} 48. a5 Rxg5 {(00:18)} 49. a6 {
(00:59)} Rg6 {(04:44)} 50. Ra5 {(00:49)} Rg8 {(00:
03)} 51. a7 {(00:43)} Ra8 {(00:03)} 52. Ke3 {(00:54)} Kd6
{(00:58)} 53. Kd4 {(01:25)} Kc6 {(00:06)} 54. b4 {(
01:33)} Kb7 {(01:21)} 55. Kxd5 {(02:14)} Rd8+ {(00:19)}
56. Ke4 {(00:34)} Ka8 {(00:15)} 57. Rxh5 {(00:40)} Kxa7 {
(01:13)} 58. b5 {(00:15)} Kb6 {(00:18)} 59. g4 {(
00:13)} Rd1 {(07:07)} 60. Rf5 Rg1 {(01:19)} 61. g5 {(01:
35)} Kc7 {(00:06)} 62. Ke5 {(00:15)} Kd7 {(00:15)} 63. Kf6
{(00:17)} Ke8 {(00:10)} 64. Kg7 {(00:54)} Ke7 {(00:
11)} 65. g6 {(00:13)} Ke6 {(03:34)} 66. Rf7 {(00:05)} Rb1
{(01:31)} 67. b6 {(00:06)} Rb2 {(00:28)} 68. b7 {(
00:04)} Rb1 {(02:09)} 69. Kf8 {(00:30)} Rh1 {(00:41)} 70.
g7 {(01:04)} 1-0

[Event "42nd Olympiad Baku 2016 Open"]
[Site "Baku"]
[Date "2016.09.04"]
[Round "3.34"]
[White "Balbalosa, Jeffrey"]
[Black "Lam, Daniel King-wai"]
[Result "0-1"]
[ECO "A04"]
[WhiteElo "1768"]
[BlackElo "2169"]
[Annotator ""]
[PlyCount "98"]
[EventDate "2016.??.??"]
[EventCountry "AZE"]
[SourceTitle "playchess.com"]
[Source "ChessBase"]
[WhiteTeam "PLW"]
[BlackTeam "HKG"]
[BlackTeamCountry "HKG"]
[TimeControl "40/5400+30:1800+30"]

1. e4 {(00:00)} c5 {(00:00)} 2. d3 {(00:00)} Nc6 {(
00:00)} 3. Nf3 {(00:00)} g6 {(00:00)} 4. g3 {(00:00)} Bg7
{(00:00)} 5. Bg2 {(00:00)} e5 {(00:00)} 6. O-O {(
00:17)} Nge7 {(00:05)} 7. Re1 {(00:24)} O-O {(00:10)} 8.
Nbd2 {(00:04)} d6 {(00:21)} 9. Nf1 {(00:32)} h6 {(
00:38)} 10. h4 {(00:10)} f5 {(02:46)} 11. exf5 {(07:43)}
gxf5 {(01:15)} 12. N1h2 {(00:21)} Qe8 {(01:25)} 13. c3 {
(00:30)} Qg6 {(04:55)} 14. Qe2 {(09:24)} Kh8 {(07:
05)} 15. Kh1 {(00:08)} Be6 {(01:49)} 16. Bd2 {(00:35)}
Rae8 {(03:14)} 17. Rg1 {(04:56)} Nd5 {(02:53)} 18. c4 {
(07:47)} Nf6 {(02:14)} 19. Bc3 {(00:48)} Ng4 {(06:
26)} 20. Raf1 {(12:24)} Nd4 {(18:46)} 21. Qd1 {(04:53)}
Bd7 {(12:20)} 22. Bxd4 {(09:56)} cxd4 {(00:47)} 23. b4 {
(04:20)} e4 {(03:55)} 24. Ne1 {(02:15)} e3 {(00:48]
} 25. fxe3 {(04:10)} Nxe3 {(00:19)} 26. Qd2 {(00:59)} Nxf1
{(00:41)} 27. Bxf1 {(00:44)} Bc6+ {(00:40)} 28. Nef3 {
(01:36)} Re3 {(00:44)} 29. Be2 {(11:37)} Rfe8 {(00:
49)} 30. Bd1 {(00:14)} b6 {(01:21)} 31. b5 {(03:18)} Ba8 {
(00:16)} 32. a4 {(00:32)} Qe6 {(06:21)} 33. Rf1 {(
03:08)} Re1 {(00:44)} 34. Kg2 {(01:55)} Qe3 {(02:25)} 35.
Qc2 {(01:17)} f4 {(06:08)} 36. g4 {(00:47)} Qe7 {(
01:56)} 37. Qf2 {(04:16)} Re3 {(00:25)} 38. Kg1 {(00:56)}
Rxd3 {(00:41)} 39. Re1 {(02:17)} Re3 {(00:25)} 40. Rf1 {
(00:00)} d3 {(00:00)} 41. g5 {(00:32)} Qe6 {(07:33]
} 42. Qg2 {(10:59)} Qxc4 {(09:19)} 43. Ng4 {(02:11)} Re1 {
(05:02)} 44. gxh6 {(02:46)} Rxf1+ {(01:27)} 45. Qxf1 {
(00:52)} Bd4+ {(01:01)} 46. Kh2 {(00:43)} Be5 {(07:
55)} 47. Qh3 {(06:29)} Qa2+ {(03:14)} 48. Kh1 {(00:58)}
Bc3 {(01:31)} 49. Ngh2 {(02:14)} Qf2 {(01:43)} 0-1

[Event "42nd Olympiad Baku 2016 Open"]
[Site "Baku"]
[Date "2016.09.04"]
[Round "3.24"]
[White "Bateman, Kerry"]
[Black "Hemam, Moulaye Brahim"]
[Result "0-1"]
[ECO "B23"]
[WhiteElo "1785"]
[BlackElo "2032"]
[Annotator ""]
[PlyCount "48"]
[EventDate "2016.??.??"]
[EventCountry "AZE"]
[SourceTitle "playchess.com"]
[Source "ChessBase"]
[WhiteTeam "Channel Islands"]
[BlackTeam "MTN"]
[WhiteTeamCountry "GCI"]
[TimeControl "40/5400+30:1800+30"]

1. e4 {(00:00)} c5 {(00:24)} 2. Nc3 {(00:00)} Nc6 {
(00:18)} 3. f4 {(00:16)} e6 {(00:55)} 4. d3 {(00:
54)} d6 {(01:41)} 5. Nf3 {(08:47)} Nf6 {(00:54)} 6. Bd2 {
(06:40)} Be7 {(00:40)} 7. Be2 {(02:41)} Rb8 {(01:
48)} 8. a4 {(06:24)} Bd7 {(06:33)} 9. O-O {(11:37)} a6 {
(09:40)} 10. e5 {(11:32)} dxe5 {(09:06)} 11. fxe5 {
(02:25)} Ng4 {(00:45)} 12. Bf4 {(05:50)} Qc7 {(02:
22)} 13. Ne4 {(14:13)} Ngxe5 {(08:52)} 14. Nxe5 {(00:12)}
Nxe5 {(00:12)} 15. d4 {(02:11)} cxd4 {(02:06)} 16. Qxd4 {
(04:48)} f6 {(00:17)} 17. Rad1 {(04:18)} Rd8 {(01:
43)} 18. Bxe5 {(04:12)} Qxe5 {(00:15)} 19. Qxe5 {(01:49)}
fxe5 {(00:12)} 20. Bh5+ {(01:08)} g6 {(00:13)} 21. Bg4 {
(00:29)} Rf8 {(02:45)} 22. Rxf8+ {(04:43)} Kxf8 {(
00:28)} 23. Rf1+ {(00:15)} Kg7 {(00:18)} 24. Ng5 {(00:13)}
Bxg5 {(00:10)} 0-1

[Event "42nd Olympiad Baku 2016 Open"]
[Site "Baku"]
[Date "2016.09.04"]
[Round "3.15"]
[White "Ben Ammar, Mohamed"]
[Black "Abdelazeez Mohamed Abdalla"]
[Result "0-1"]
[ECO "D45"]
[WhiteElo "1929"]
[BlackElo "2183"]
[Annotator ""]
[PlyCount "90"]
[EventDate "2016.??.??"]
[EventCountry "AZE"]
[SourceTitle "playchess.com"]
[Source "ChessBase"]
[WhiteTeam "Tunisia"]
[BlackTeam "Sudan"]
[WhiteTeamCountry "TUN"]
[BlackTeamCountry "SUD"]
[TimeControl "40/5400+30:1800+30"]

1. Nf3 {(00:00)} Nf6 {(00:29)} 2. d4 {(00:00)} d5 {
(00:59)} 3. c4 {(00:05)} c6 {(00:06)} 4. e3 {(00:
15)} e6 {(02:33)} 5. Nc3 {(04:34)} Be7 {(06:05)} 6. Bd3 {
(00:36)} O-O {(00:10)} 7. O-O {(00:35)} Nbd7 {(03:
15)} 8. b3 {(02:58)} Re8 {(00:48)} 9. Bb2 {(01:08)} Bd6 {
(02:51)} 10. e4 {(05:32)} e5 {(01:11)} 11. Re1 {(
30:38)} exd4 {(05:16)} 12. Nxd4 {(08:35)} Nc5 {(00:10)}
13. cxd5 {(07:59)} Bxh2+ {(14:43)} 14. Kxh2 {(06:46)} Ng4+
{(00:39)} 15. Kg3 {(00:20)} Qf6 {(14:38)} 16. Rf1 {
(20:17)} Qg6 {(09:31)} 17. Kf4 {(05:27)} Qh6+ {(01:
53)} 18. Kf3 {(00:52)} Nxd3 {(01:33)} 19. Qxd3 {(00:02)}
Ne5+ {(00:43)} 20. Ke2 {(00:01)} Nxd3 {(00:54)} 21. Kxd3 {
(00:01)} cxd5 {(07:07)} 22. Nxd5 {(01:12)} b6 {(01:
12)} 23. b4 {(00:01)} Bb7 {(00:45)} 24. Nc3 {(02:46)} Rad8
{(00:16)} 25. Rad1 {(00:18)} Qd6 {(01:27)} 26. Ke3 {
(01:07)} Qxb4 {(01:11)} 27. Ba1 {(00:20)} Rc8 {(02:
56)} 28. Rc1 {(00:48)} Rc4 {(00:36)} 29. Rfd1 {(00:26)}
Qc5 {(00:45)} 30. f3 {(00:40)} Rd8 {(01:31)} 31. Nce2 {
(00:31)} Ba6 {(04:16)} 32. Rxc4 {(00:33)} Qxc4 {(
00:03)} 33. Nc3 {(00:33)} Qc5 {(02:15)} 34. Nd5 {(00:26)}
f5 {(01:05)} 35. g4 {(00:29)} fxe4 {(00:40)} 36. fxe4 {
(00:02)} Re8 {(01:22)} 37. Kf4 {(00:52)} Qd6+ {(00:
29)} 38. Kf3 {(00:23)} Qh2 {(01:55)} 39. Nf4 {(00:00)} Rf8
{(00:00)} 40. Nf5 {(00:00)} g6 41. Ne7+ {(26:27)} Kf7 {
(05:51)} 42. Nc6 {(00:14)} Bc8 {(09:38)} 43. Be5 {(
04:15)} g5 {(02:45)} 44. Nd8+ {(02:23)} Kg8 {(01:00)} 45.
Nc6 {(00:29)} Rxf4+ {(00:15] Ra1} 0-1